[Event "Marshall CC U2400 April 2024"]
[Site "New York"]
[Date "2024.04.21"]
[Round "4.2"]
[White "Stancil, Kimani"]
[Black "Panico, Nick"]
[Result "1/2-1/2"]
[ECO "C11"]
[WhiteElo "1873"]
[BlackElo "1952"]
[Annotator "TA"]
[PlyCount "89"]
[EventDate "2024.04.20"]
[EventType "swiss"]
[EventCountry "USA"]
[SourceTitle "playchess.com"]
[Source "ChessBase"]
[SourceQuality "1"]
[TimeControl "5400+30"]

1. e4 e6 2. d4 d5 3. Nc3 Nf6 4. e5 Nfd7 5. f4 c5 6. Nf3 Nc6 7. Be3 cxd4 8. Nxd4 Qb6 9. Qd2 Qxb2 10. Rb1 Qa3 11. Rb3 (11. Bb5 $1 $11 Nxd4 12. Bxd4) 11... Qa5 $15 12. Bb5 {[%emt 0:01:25] [#]} Qc7 13. Nxc6 bxc6 {[%emt 0:00:21] Black is better.} 14. Be2 Bc5 15. O-O O-O 16. Na4 Bxe3+ 17. Rxe3 f6 (17... c5 $17 18. Rg3 c4) 18. Bg4 (18. exf6 $15 Rxf6 (18... Nxf6 19. Nc5 $11) 19. Rb3) 18... Nb6 (18... fxe5 19. Bxe6+ Kh8 20. Bxd7 Bxd7 21. Rxe5 $17) ({Black should try} 18... f5 19. Be2 c5) 19. Qa5 $17 fxe5 20. fxe5 Rxf1+ 21. Kxf1 Qb7 (21... Bd7 $17 {...Rc8 is the strong threat.} 22. Nc5 Qd8) 22. Be2 Rb8 23. Nc5 Qe7 24. Rb3 (24. Kg1 $11) 24... Nd7 ({Black should play} 24... Bd7 $15) 25. Qc7 $36 {[%emt 0:04:05][%mdl 2048] And now Nxd7 would win. White has some pressure.} Qf8+ 26. Ke1 {[%emt 0:06:22] Active counter play!} Rxb3 27. Nxb3 Qb4+ 28. Kd1 Qb8 29. Qxc6 Kf7 30. Bb5 {[%emt 0:02:43] Black must now prevent Nc5.} (30. Ba6 $5 Nb6 $8 31. Nc5 $11) 30... Ke7 (30... Qb6 $11) 31. a4 (31. Nc5 $16 Qb6 32. Qxc8 Qxb5 33. Nxd7 Qxd7 34. Qg8) 31... a6 $1 $11 32. Bd3 Nxe5 33. Qc5+ Kf7 34. Qf2+ (34. Be2 $1 $11) 34... Kg8 $17 35. Qg3 Qd6 36. a5 Bd7 (36... Qb8 $11) 37. Qf4 (37. Bxa6 $1 $14 Qxa6 38. Qxe5) 37... Be8 (37... Bc8 $11) 38. Bxa6 $14 Qxa6 (38... Qc7 $14) 39. Qxe5 {[%emt 0:00:09][%mdl 4096] Endgame. KQB-KQN} Qf1+ (39... Bg6 $16) 40. Kd2 $18 Qxg2+ (40... Kf7 {might work better.} 41. g3 Qb5) 41. Kc3 Qf3+ 42. Kd2 $2 ({Better is} 42. Kb2 $18 {[%cal Ob3d4] Strongly threatening Nd4!} Qe4 43. Qb8) 42... Qf2+ {[%emt 0:00:28] [#]} (42... Qg2+ $1 $11 43. Kc3 h6) 43. Kc1 $1 $16 {[%emt 0:00:29][%mdl 1024] White has strong compensation.} Qf1+ (43... Kf7 $16) 44. Kd2 $2 ({Only move:} 44. Kb2 $18 Qa6 45. Qc7) 44... Qf2+ $11 45. Kc1 {[%emt 0:03:40] Weighted Error Value: White=0.34/Black=0.37.  Missed win:     	White=2     	---        Mistake:       	White=5     	Black=12     Inaccurate:     	White=3     	Black=3      OK:         	White=10    	Black=10     Best:        	White=3     	Black=2      Strong:       	White=1     	Black=1} 1/2-1/2

[Event "Marshall CC U2400 April 2024"]
[Site "New York"]
[Date "2024.04.21"]
[Round "4.3"]
[White "Sarkar, Justin"]
[Black "Shen, Alice"]
[Result "1-0"]
[ECO "D48"]
[WhiteElo "2279"]
[BlackElo "1682"]
[Annotator "TA"]
[PlyCount "69"]
[EventDate "2024.04.20"]
[EventType "swiss"]
[EventCountry "USA"]
[SourceTitle "playchess.com"]
[Source "ChessBase"]
[SourceQuality "1"]
[TimeControl "5400+30"]

1. d4 d5 2. c4 c6 3. Nf3 Nf6 4. Nc3 e6 5. e3 Nbd7 6. Bd3 dxc4 7. Bxc4 b5 8. Bd3 a6 9. a4 Bb7 10. e4 b4 $1 11. e5 bxc3 {[%emt 0:01:44] The position is equal.} 12. exf6 Nxf6 13. bxc3 c5 14. Rb1 Qc7 {[%emt 0:01:41] [#]} 15. Bf4 $1 Qxf4 16. Rxb7 {[%emt 0:00:03] Ne5 is the strong threat.} c4 17. g3 (17. Bxc4 $2 {too greedy.} Qe4+ 18. Qe2 Qxb7 $19) 17... Qd6 {[%emt 0:00:29] [#]} 18. Be2 {[%emt 0:00:16][%cal Of3e5,Bd3e2,Be2f3,Bf3d5][%mdl 32] White has more active pieces.} ({Worse is} 18. Bxc4 Qc6 19. Qb3 Qxf3 $17) 18... Qc6 $2 {[%emt 0:01:01] [#] This move loses the game for Black.} (18... Qd5 $16 {was necessary.} 19. Qb1 Bd6) 19. Rxf7 $1 $18 {[%emt 0:05:35][%cal Oe1g1] Hoping for 0-0!} Rg8 $2 {[%emt 0:05:33] [#]} (19... Nd7) 20. O-O $1 {[%emt 0:02:01] And now Ne5 would win.} Bd6 (20... Qb6 21. Ne5) 21. Ng5 h6 {[%emt 0:02:24] [#]} 22. Rxf6 $1 gxf6 23. Bf3 Qc8 {[%emt 0:01:05] [#]} 24. Nxe6 $1 {[%emt 0:01:03][%mdl 512] Black is weak on the light squares} Ra7 25. Bd5 {[%emt 0:00:47] Black must now prevent Qh5+.} Re7 26. Qh5+ Kd7 27. Qf5 {[%emt 0:04:56][%cal Of1b1] Strongly threatening Rb1!} Rge8 28. Rb1 ({Inferior is} 28. Qxf6 Rxe6 29. Bxe6+ Rxe6 $11) 28... Rxe6 29. Bxe6+ Rxe6 30. d5 Qc5 31. dxe6+ {[%emt 0:00:26] White mates.} Ke7 32. Rb7+ Ke8 33. Qg6+ Kd8 34. Rd7+ Kc8 35. Qe8# {[%emt 0:00:03] Weighted Error Value: White=0.03 (flawless) /Black=0.74.  Mistake:       	---       	Black=2      Inaccurate:     	White=1     	Black=2      OK:         	White=6     	Black=3      Best:        	White=2     	Black=1      Strong:       	White=1     	Black=1} 1-0

[Event "Marshall CC U2400 April 2024"]
[Site "New York"]
[Date "2024.04.21"]
[Round "4.4"]
[White "Kozower, Ethan"]
[Black "Paruchuri, Naveen"]
[Result "1-0"]
[ECO "B52"]
[WhiteElo "1943"]
[BlackElo "1866"]
[Annotator "TA"]
[PlyCount "39"]
[EventDate "2024.04.20"]
[EventType "swiss"]
[EventCountry "USA"]
[SourceTitle "playchess.com"]
[Source "ChessBase"]
[SourceQuality "1"]
[TimeControl "5400+30"]

1. e4 c5 2. Nf3 Nc6 3. Bb5 d6 4. O-O Bd7 5. c3 Nf6 6. Re1 e5 7. d4 cxd4 8. cxd4 exd4 9. Nxd4 Nxd4 10. Bxd7+ Qxd7 11. Qxd4 Be7 12. Nc3 O-O 13. h3 {[%emt 0:07:15] White is more active. White is better.} Rfc8 14. Bg5 {[%emt 0:03:31] e5 would now be deadly.} Qc6 {[%emt 0:04:57] [#]} (14... Qd8 $16) 15. Nd5 $1 $18 Qd7 (15... Nxd5 $2 16. exd5 Qc2 17. Rxe7 $18 (17. Bxe7 Rc4 $18)) (15... Qe8 {keeps fighting.} 16. Bxf6 (16. Nxf6+ Bxf6 17. Bxf6 gxf6 $18) 16... Bxf6 17. Nxf6+ gxf6 18. Qxf6 (18. Qxd6 Rc4 $18) 18... Qe5) 16. Bxf6 Bxf6 {[%emt 0:00:34] [#]} (16... gxf6 {was worth a try.} 17. e5 fxe5 18. Rxe5 dxe5 19. Nf6+ Bxf6 20. Qxd7 b6) 17. e5 $1 Bd8 (17... Bxe5 $2 {perishes.} 18. Rxe5 Kh8 (18... dxe5 $2 {too greedy.} 19. Nf6+ gxf6 20. Qxd7 $18) 19. Re7 $18) (17... Be7 18. Nxe7+) 18. exd6 Rc2 $2 (18... Bb6 19. Nxb6 axb6) 19. Qe4 {[%emt 0:01:13] Intending Qe8+ and mate.} Qxd6 20. Qxc2 {[%emt 0:00:15] Black got outplayed after the opening.   Weighted Error Value: White=0.01 (flawless) /Black=0.52.  Mistake:       	---       	Black=4      OK:         	White=6     	Black=2      Strong:       	White=1     	---} 1-0

[Event "Marshall CC U2400 April 2024"]
[Site "New York"]
[Date "2024.04.21"]
[Round "4.5"]
[White "Knowles, Chase"]
[Black "Solomon, William C."]
[Result "1-0"]
[ECO "D94"]
[WhiteElo "1978"]
[BlackElo "1402"]
[Annotator "TA"]
[PlyCount "120"]
[EventDate "2024.04.20"]
[EventType "swiss"]
[EventCountry "USA"]
[SourceTitle "playchess.com"]
[Source "ChessBase"]
[SourceQuality "1"]
[TimeControl "5400+30"]

1. Nf3 g6 2. c4 Bg7 3. d4 Nf6 4. Nc3 d5 5. e3 O-O 6. b4 c6 7. Bb2 Bg4 8. c5 Ne4 (8... e5 $5 9. dxe5 Nfd7 $14) 9. h3 Nxc3 10. Bxc3 {[%emt 0:00:10] The position is equal.} Bxf3 11. Qxf3 Nd7 12. Qd1 {[%emt 0:02:56] [#]} a5 $1 13. a3 $1 axb4 14. axb4 Rxa1 15. Qxa1 Qa8 16. Qb2 b5 17. Bd3 Qa6 18. O-O Ra8 19. Qe2 (19. g4 $14) 19... Qb7 20. e4 ({White should play} 20. Rd1 $11) 20... e6 (20... dxe4 $1 $15 21. Bxe4 Nf6) 21. e5 $14 Ra3 22. Rc1 (22. Bb2 $16 Ra4 23. Qd2) 22... Bh6 $11 23. Rc2 Qa6 24. Kh2 Qa4 {[%emt 0:08:28][%cal Oa3c3] White must now prevent ...Rxc3!} 25. g3 {[%emt 0:02:50] [#]} (25. Be1 $11) 25... Qb3 ({Better is} 25... Rxc3 $1 $17 26. Rxc3 Qxb4) 26. f4 Nb8 27. f5 gxf5 (27... exf5 $2 28. e6 Na6 29. e7 $18) 28. g4 f4 29. g5 $36 {[%emt 0:01:07][%mdl 2048] White has good play.} Bg7 (29... Bxg5 30. Qg2 h6 31. h4 $18) 30. h4 {[%emt 0:01:43][%mdl 1024] White has compensation.} (30. Qh5 {is interesting.} Nd7 31. Qh4 f3 32. Qf2) 30... Na6 31. Qd2 $1 (31. Qh5 Nxb4 32. Qxh7+ Kf8 $19) 31... Ra4 $2 (31... h6 $11) 32. Rb2 $18 Qa3 33. Bc2 Rxb4 34. Bxb4 (34. Ra2 $1 $18 {[%cal Ra2a3] is the precise move to win.} Qxa2 35. Bxh7+ (35. Bxb4 $2 Nxb4 36. Qxf4 Nxc2 $19) 35... Kxh7 36. Qxa2) 34... Nxb4 $4 (34... Qg3+ $16 35. Kh1 Nxb4) 35. Rxb4 $2 (35. Rb3 $18 Nxc2 36. Rxa3 Nxa3 37. h5 (37. Qxf4 b4 $18)) 35... Qg3+ $14 36. Kh1 Qxh4+ 37. Kg1 {[%emt 0:00:30] Threatens to win with Rb3.} Qg3+ 38. Kf1 {[%emt 0:00:08] And now Rb3 would win.} f3 $2 (38... Qh3+ $16 39. Qg2 Qc3) 39. Rb3 $2 (39. Qf2 $18 Qxg5 40. Rb1 (40. Qxf3 Qd2 $11)) 39... Qh3+ 40. Kf2 Qg2+ 41. Ke3 {[%emt 0:00:34] Qxg2 is the strong threat.} Qxg5+ 42. Kd3 {[%emt 0:00:29] Some like it hot} Qg2 ({Don't go for} 42... Qxd2+ $2 43. Kxd2 f6 44. Rxb5 $18 (44. Rxf3 fxe5 45. Ra3 e4 $18)) (42... Qh4 $16) 43. Qxg2 $18 fxg2 44. Rb1 f6 45. exf6 Bxf6 46. Rg1 e5 47. Rxg2+ Kf7 48. dxe5 Bxe5 49. Bb3 Ke6 50. Rg5 (50. Bd1 $142 {Hoping for Bg4+.} Kd7 51. Bg4+ Kc7 52. Rf2) 50... Bf4 (50... Bb2 $142 51. Rg2 Bc1) 51. Rg7 h6 52. Rg6+ Kd7 53. Bd1 Bg5 54. Kc3 Be3 55. Bg4+ Kc7 56. Rg7+ Kb8 57. Bd7 Bxc5 58. Bxc6 b4+ 59. Kd3 h5 60. Rh7 h4 {[%emt 0:00:07] Weighted Error Value: White=0.58/Black=0.43.  Loses game:     	---       	Black=3      Missed win:     	White=3     	---        Mistake:       	White=4     	Black=3      Inaccurate:     	White=2     	Black=4      OK:         	White=9     	Black=17     Best:        	White=6     	Black=2      Strong:       	White=2     	---} 1-0

[Event "Marshall CC U2400 April 2024"]
[Site "New York"]
[Date "2024.04.22"]
[Round "5.1"]
[White "Hoffman, Luc"]
[Black "Sarkar, Justin"]
[Result "1-0"]
[ECO "D04"]
[WhiteElo "2006"]
[BlackElo "2279"]
[Annotator "TA"]
[PlyCount "109"]
[EventDate "2024.04.20"]
[EventType "swiss"]
[EventCountry "USA"]
[SourceTitle "playchess.com"]
[Source "ChessBase"]
[SourceQuality "1"]
[TimeControl "5400+30"]

1. Nf3 Nf6 2. e3 g6 3. b3 Bg7 4. Bb2 O-O 5. c4 c5 6. Be2 Nc6 7. O-O d5 8. cxd5 Qxd5 9. d4 Ne4 10. Nc3 Nxc3 11. Bxc3 cxd4 12. Nxd4 {[%emt 0:00:23] The position is equal.} Nxd4 13. Bxd4 Bxd4 14. Qxd4 Qxd4 15. exd4 Rd8 16. Rfd1 Be6 17. Rac1 Rac8 18. Rxc8 Rxc8 $11 {[%emt 0:00:07][%mdl 4096] Endgame. KRB-KRB} 19. d5 Bf5 20. Bc4 a6 21. Kf1 b5 22. Bd3 Bxd3+ 23. Rxd3 {[%emt 0:00:01] KR-KR} Rc2 24. Re3 (24. a3 $1 $11 {keeps the balance.}) 24... Kf8 $17 ({Reject} 24... Rxa2 25. Rxe7 Kf8 26. Ra7 $11) 25. Re2 Rc1+ 26. Re1 Rc2 27. Re2 $1 Rc1+ 28. Re1 Rc5 29. Rd1 Ke8 (29... Rc2 {simplifies} 30. d6 exd6 31. Rxd6 Rxa2 32. Rb6 g5) 30. d6 e6 31. d7+ Kd8 32. Rd2 b4 33. g4 Rd5 34. Ke2 ({Not} 34. Rxd5 $2 exd5 35. g5 f6 (35... Kxd7 $2 36. Ke2 $19) 36. gxf6 Kxd7 $19) 34... Kxd7 (34... Rxd7 35. Rxd7+ Kxd7 36. Kd3 $15) 35. Rc2 g5 36. Rc4 a5 37. f4 h6 38. Ke3 Kd6 39. fxg5 (39. Rc8 {keeps fighting.}) 39... hxg5 $19 40. Rc8 Rc5 41. Ra8 (41. Rf8 {nothing else works.}) 41... Ke5 42. Ra7 Rc3+ 43. Kd2 Rh3 44. Rxa5+ Kf4 45. Ra4 Rxh2+ 46. Kd3 Kxg4 {[%emt 0:03:28] Strongly threatening ...Kf3.} 47. Rxb4+ Kf3 48. a4 g4 {[%emt 0:00:05] ( -> ...g3)} 49. a5 g3 50. a6 {[%emt 0:00:46] [#] Black mates.} Rh8 $1 51. a7 Ra8 52. Rb7 f5 53. b4 g2 54. Rg7 {[%emt 0:00:04] [#]} Rxa7 $3 55. Kd4 {[%emt 0:32:49][%mdl 32768] Weighted Error Value: White=0.40/Black=0.07 (flawless) .  Mistake:       	White=3     	---        Inaccurate:     	White=6     	---        OK:         	White=7     	Black=18     Best:        	White=1     	Black=3      Strong:       	White=1     	---       . Sensor Board Error (Ke4/e5)?} (55. Rxa7 g1=Q) 1-0

[Event "Marshall CC U2400 April 2024"]
[Site "New York"]
[Date "2024.04.22"]
[Round "5.2"]
[White "Panico, Nick"]
[Black "Kozower, Ethan"]
[Result "0-1"]
[ECO "A03"]
[WhiteElo "1952"]
[BlackElo "1943"]
[Annotator "TA"]
[PlyCount "182"]
[EventDate "2024.04.20"]
[EventType "swiss"]
[EventCountry "USA"]
[SourceTitle "playchess.com"]
[Source "ChessBase"]
[SourceQuality "1"]
[TimeControl "5400+30"]

1. f4 e6 2. Nf3 Nf6 3. g3 d5 4. Bg2 Bd6 5. b3 c5 6. Bb2 Nc6 7. e3 O-O 8. O-O {[%emt 0:01:59] The position is equal.} b6 9. Qe2 Bb7 10. c4 d4 11. Na3 Rb8 12. Nb5 $1 a6 13. Nxd6 Qxd6 14. exd4 cxd4 15. Ne5 d3 16. Qe3 Nb4 17. Ba3 {[%emt 0:04:44] A strong pair of Bishops.} a5 18. Bxb7 Rxb7 19. Rac1 (19. Bxb4 $16 Qxb4 20. Qxd3 (20. Nxd3 Qa3 $16)) 19... Rd8 $14 20. Rc3 Qd4 ({Black should play} 20... Qc5 $14) 21. Qxd4 $16 Rxd4 22. Rf3 (22. Bxb4 $142 {Ba3 is the strong threat.} axb4 23. Rxd3 Rxd3 24. Nxd3) 22... Nxa2 (22... Nd7 $16) 23. Rcxd3 $18 Rxd3 24. Rxd3 h6 25. Rd8+ Kh7 26. Rf8 Ne4 $2 (26... Nb4 27. Bxb4 (27. Nxf7 Nc6 $16) (27. Rxf7 Rxf7 28. Nxf7 Nc2 $16) 27... axb4 28. Nxf7 (28. Rxf7 Rxf7 29. Nxf7 Ne4 $18) 28... Ra7) 27. Nxf7 {[%emt 0:02:15] Hoping for Rh8+.} ({Not} 27. Rxf7 Rxf7 28. Nxf7 Nxd2 $11) 27... Nxd2 28. Rh8+ $2 ({White has to play} 28. g4 $18 {White wants to mate with Rh8+.} Kg6 29. Ne5+ Kh7 30. g5 hxg5 31. fxg5) 28... Kg6 $14 29. Ne5+ Kf5 30. Kf2 Ke4 31. Re8 Nxb3 32. Rxe6 Kf5 (32... Nc3 $14) 33. Re8 {[%emt 0:00:20] Strongly threatening Ke3.} Nc3 (33... Nb4 $14) 34. Ke3 $16 Nb1 $2 (34... Nd1+ $16 {is a better chance.} 35. Ke2 Nc3+ 36. Ke3 Nd1+ 37. Kd3 Nf2+ 38. Kc3 a4) 35. g4+ $18 Kf6 36. Bb2 a4 37. Ra8 $2 (37. h4 {f5 would kill now.} Re7 38. Rf8+ Ke6 39. Rd8) 37... a3 38. Bxa3 Nxa3 39. Rxa3 {[%emt 0:00:02][%mdl 4096] Endgame. KRN-KRN} Nc5 40. Ra8 g5 {[%emt 0:00:27] [#]} (40... Ne6 {might work better.} 41. Ke4 b5) 41. Rf8+ (41. Rg8 $1 $18 {[%cal Rg8g6] is the precise move to win. Threatens to win with Rg6+.} Rg7 42. Rh8 gxf4+ 43. Kxf4 Ne6+ 44. Ke4) 41... Kg7 $16 {[%emt 0:00:33] [#]} 42. Rc8 {[%emt 0:00:11] Black must now prevent f5.} Re7 43. Rb8 ({White should try} 43. Rc6 $16) 43... gxf4+ $11 44. Kxf4 Rxe5 45. Rxb6 {[%emt 0:00:04] KRN-KR} (45. Kxe5 $11 Nd7+ 46. Kd6 Nxb8 47. Kc7 Na6+ 48. Kxb6) 45... Re7 46. h4 Nd3+ 47. Kf3 (47. Kg3 $1 $15) 47... Ne5+ $17 48. Kf4 Nxc4 49. Rc6 (49. Ra6 $17) 49... Ne5 50. Rc3 Ng6+ 51. Kg3 Rf7 52. h5 (52. Rc5 $17 {was worth a try.}) 52... Nf4 53. Rc6 Ne2+ 54. Kh4 Nd4 55. Rg6+ Kh7 56. g5 $2 (56. Kg3) 56... Nf3+ $19 57. Kg3 Nxg5 58. Ra6 Ne4+ 59. Kg4 Nf6+ 60. Kh4 Kg7 {[%emt 0:00:26] ( -> ...Rd7)} 61. Rb6 Re7 62. Rb5 Kf7 63. Ra5 Rd7 64. Rb5 Rd5 65. Rb7+ Ke6 66. Rb6+ Ke7 67. Rb7+ Kd8 68. Rf7 Rxh5+ 69. Kg3 Rf5 70. Ra7 Nd7 71. Kg4 Rc5 72. Ra6 h5+ 73. Kh4 Ke7 74. Rg6 Nf6 75. Rg7+ Ke6 76. Rg1 Rc4+ 77. Kh3 Kf5 78. Rf1+ Kg5 79. Ra1 Rc3+ 80. Kg2 Kg4 81. Ra4+ Kg5 $2 (81... Kf5 {mates} 82. Ra5+ Kf4 83. Kh2 Ng4+ 84. Kg1 Rc1+ 85. Kg2 Rc2+ 86. Kh1 Nf2+ 87. Kg2 Ne4+ 88. Kf1 h4 89. Ra3 Ng5 90. Ke1 h3 91. Kd1 Rg2 92. Ra8 h2 93. Rh8 Rg1+ 94. Kd2 h1=Q (94... h1=R {is a self mate.} 95. Rf8+ Ke5 96. Kc2 Rg2+ 97. Kd3 Rh3+ 98. Kc4 Rg4+ 99. Kb5 Rb3+ 100. Ka5 Rg1 101. Ka4 Rb7 102. Re8+ Ne6 103. Rxe6+ Kxe6 104. Ka5 Ra1#) 95. Rxh1 Rxh1 96. Kd3 Ne6 97. Kc4 Ke4 98. Kb4 Rh3 99. Kc4 Rg3 100. Kb4 Kd5 101. Kb5 Rb3+ 102. Ka4 Kc4 103. Ka5 Rb7 104. Ka6 Nc5+ 105. Ka5 Rb5#) 82. Ra5+ $2 (82. Ra1 $11 h4 83. Kg1) 82... Kh4 {[%emt 0:00:03] Black mates.} 83. Ra1 Rg3+ 84. Kh2 Ng4+ 85. Kh1 Kh3 86. Ra2 Rb3 87. Ra1 h4 88. Rf1 Rd3 89. Ra1 Nf2+ 90. Kg1 Rd1+ 91. Rxd1 Nxd1 {[%emt 0:01:28] A wild game.   Weighted Error Value: White=0.58/Black=0.34.  Loses game:     	---       	Black=1      Missed win:     	White=2     	---        Mistake:       	White=9     	Black=6      Inaccurate:     	White=2     	Black=1      OK:         	White=14    	Black=11     Best:        	White=6     	Black=8      Strong:       	White=1     	---} 0-1

[Event "Marshall CC U2400 April 2024"]
[Site "New York"]
[Date "2024.04.22"]
[Round "5.3"]
[White "Colwell, Andrew"]
[Black "Knowles, Chase"]
[Result "0-1"]
[ECO "D11"]
[WhiteElo "1792"]
[BlackElo "1978"]
[Annotator "TA"]
[PlyCount "64"]
[EventDate "2024.04.20"]
[EventType "swiss"]
[EventCountry "USA"]
[SourceTitle "playchess.com"]
[Source "ChessBase"]
[SourceQuality "1"]
[TimeControl "5400+30"]

1. d4 d5 2. c4 c6 3. Nf3 Nf6 4. e3 a6 5. a4 a5 6. Nc3 e6 7. Bd3 Na6 8. Qe2 {[%emt 0:03:01] White has an edge.} Nb4 9. Bb1 dxc4 10. O-O b6 11. e4 Be7 12. Rd1 Ba6 13. Ne5 $1 {[%emt 0:00:38] Dodges Nd3} Qc7 14. Bf4 (14. Nxc4 $15 Rd8 15. e5) 14... Bd6 $1 $17 {[%emt 0:05:09][%cal Be7d6,Bd6f4,Bf4h6][%mdl 32] aiming for ...c5. White is on the road to losing.} 15. Nxf7 Bxf4 16. Nxh8 {[%emt 0:00:17] [#] Strongly threatening e5.} O-O-O $1 {[%emt 0:01:07] Black is more active.} ({Of course not} 16... Bxh2+ $6 17. Kh1 e5 18. g3 (18. Kxh2 exd4+ 19. Kg1 d3 $17) 18... Bxg3 19. fxg3 $15) 17. g3 {[%emt 0:02:24] [#]} Bh6 (17... Rxh8 18. e5 Bh6 (18... Nfd5 19. Nxd5 Nxd5 20. gxf4 $11) 19. exf6 $16) 18. e5 Nfd5 19. Qg4 Qe7 20. Ne4 (20. Bxh7 $17 {was necessary.} Rxh8 21. Nxd5 cxd5 22. Bg6) 20... Rxh8 $19 21. Nd6+ Kb8 22. Ra3 Nd3 23. Bxd3 cxd3 24. Qe4 Rf8 25. Raxd3 Bxd3 26. Rxd3 Qg5 27. b3 Qc1+ 28. Kg2 Qc2 29. Kh3 $2 (29. Rf3 $19 Qxe4 30. Nxe4 Rxf3 31. Kxf3) 29... Rxf2 30. Rf3 Rxh2+ 31. Kg4 Qxe4+ (31... Qd2 $142 32. Rd3 Qg5+ 33. Kf3 Qc1 34. Kg4 Qf1 35. Qe1 Qxe1 36. Rf3 Ne3+ 37. Rxe3 Qxe3 38. Nf7 Qe4#) 32. Nxe4 Ne3+ {[%emt 0:00:02] Weighted Error Value: White=0.43/Black=0.26 (precise) .  Mistake:       	White=4     	---        Inaccurate:     	White=2     	---        OK:         	White=9     	Black=14     Best:        	White=1     	Black=2      Strong:       	White=1     	Black=2} 0-1

[Event "Marshall CC U2400 April 2024"]
[Site "New York"]
[Date "2024.04.22"]
[Round "5.4"]
[White "Berg, George"]
[Black "Stancil, Kimani"]
[Result "1-0"]
[ECO "B75"]
[WhiteElo "1832"]
[BlackElo "1873"]
[Annotator "NA RC COMBH"]
[PlyCount "101"]
[EventDate "2024.04.20"]
[EventType "swiss"]
[EventCountry "USA"]
[SourceTitle "playchess.com"]
[Source "ChessBase"]
[SourceQuality "1"]
[TimeControl "5400+30"]

1. e4 c5 2. Nf3 d6 3. d4 cxd4 4. Nxd4 Nf6 5. Nc3 g6 6. Be3 Bg7 7. f3 Nc6 8. Qd2 h5 9. O-O-O Bd7 10. Kb1 a6 {[%emt 0:00:41] has lost popularity (10...Rc8). B75: Sicilian Dragon: Yugoslav Attack, Miscellaneous.} 11. Nxc6 bxc6 12. Bc4 Rb8 $146 ({Predecessor:} 12... Qa5 13. Bd4 Rb8 14. b3 c5 15. Bxf6 Bxf6 16. Nd5 Qxd2 17. Nxf6+ exf6 18. Rxd2 Rb6 19. Kb2 Be6 {½-½ Malmstroem,J (1871)-Ponting,A (1898) LSS RB-2008-0-00034}) 13. e5 dxe5 14. Ne4 Nd5 15. Bxd5 cxd5 16. Qxd5 Bb5 17. Qxd8+ Rxd8 18. Rxd8+ Kxd8 19. Ng5 Ke8 20. Rd1 Bf6 21. Ne4 Kf8 22. Nxf6 exf6 23. b3 Kg7 24. c4 Bc6 25. Rd6 Rc8 26. Bb6 ({White should play} 26. Kc2 $16) 26... h4 (26... f5 $142) 27. Bd8 Rxd8 $4 (27... f5 $16 {was called for.}) 28. Rxd8 e4 29. Rd6 h3 30. g3 exf3 $18 {[%emt 0:00:20] [#]} 31. Rd2 $1 (31. Rxc6 $2 {too greedy.} f2 32. Rd6 f1=Q+ $19 (32... f1=B $2 33. c5 $18)) 31... f5 32. Kc1 Kf6 33. Kd1 ({Inferior is} 33. Rd6+ Ke5 34. Rd2 (34. Rxc6 $2 {is the wrong capture.} f2 $19) 34... f4 35. gxf4+ Kxf4 $11) 33... Ke5 34. Ke1 g5 35. Kf2 g4 36. b4 f4 37. gxf4+ Kxf4 38. Rd6 Be8 39. Rxa6 f5 40. Rd6 Ke5 41. Rd2 f4 42. b5 Ke4 43. Rd1 Kf5 44. a4 Kg5 45. a5 Kh4 46. Rd4 Kg5 47. a6 Bh5 48. a7 g3+ 49. hxg3 h2 50. gxf4+ Kg4 51. Rd1 1-0